 Dungeon Crawl Stone Soup version 0.26.0-41-g79a4fc7684 (webtiles) character file.

Game seed: 11231629177132790299

312 Gauvater the Firebug (level 6, -5/36 HPs)
             Began as an Octopode Fire Elementalist on Jan 26, 2021.
             Slain by a water moccasin zombie (7 damage)
             ... in an ossuary.
             The game lasted 00:20:23 (4289 turns).

Gauvater the Firebug (Octopode Fire Elementalist)   Turns: 4289, Time: 00:20:24

Health: -5/36      AC:  1    Str:  8    XL:     6   Next: 42%
Magic:  3/11       EV: 13    Int: 19    God:
Gold:   105        SH:  0    Dex: 12    Spells: 8/12 levels left

rFire    . . .     SeeInvis .   p - +1 dagger (venom)
rCold    . . .     Faith    .   (no shield)
rNeg     . . .     Spirit   .   (helmet restricted)
rPois    .         Reflect  .   (no amulet)
rElec    .         Harm     .   (no ring)
rCorr    .         Rampage  .   (no ring)
Will     .....                  (no ring)
Stlth    +++.......             (no ring)
HPRegen  0.12/turn              (no ring)
MPRegen  0.12/turn              (no ring)
                                (no ring)
                                (no ring)

@: no status effects
A: almost no armour, stealthy swim, amphibious, 8 rings, constrict 8, camouflage
1, gelatinous body 1
a: no special abilities


You were in an ossuary.
You visited 1 branch of the dungeon, and saw 4 of its levels.
You also visited: Ossuary.

You collected 105 gold pieces.

Inventory:

Hand Weapons
 p - a +1 dagger of venom (weapon)
Missiles
 c - 20 bolts
 d - 18 arrows
 g - 88 stones (quivered)
 j - 15 poisoned darts
 n - 42 sling bullets
Armour
 l - a +0 buckler
Scrolls
 b - a scroll of enchant armour {unknown}
 e - 5 scrolls of identify {unknown}
 f - 4 scrolls of teleportation {unknown}
 h - a scroll of fear {unknown}
 i - a scroll of enchant weapon {unknown}
 k - 2 scrolls of remove curse {unknown}
Potions
 a - a potion of lignification {unknown}
 o - a potion of curing {unknown}


   Skills:
 + Level 0.3 Fighting
 + Level 2.5 Dodging
 + Level 3.2 Stealth
 * Level 2.3 Shields
 + Level 3.6 Spellcasting
 + Level 2.5 Conjurations
 + Level 4.2 Fire Magic


You had 8 spell levels left.
You knew the following spells:

 Your Spells              Type           Power        Failure   Level
a - Foxfire               Conj/Fire      64%          3%          1
b - Conjure Flame         Conj/Fire      16%          11%         3

Your spell library contained the following spells:

 Spells                   Type           Power        Failure   Level
 Inner Flame              Hex/Fire       11%          19%         3
 Sticky Flame             Conj/Fire      16%          34%         4
 Confusing Touch          Hex            3%           38%         3
 Gell's Gravitas          Tloc           1%           38%         3
 Fireball                 Conj/Fire      8%           69%         5
 Petrify                  Tmut/Erth      3%           80%         4
 Metabolic Englaciation   Hex/Ice        1%           98%         5
 Yara's Violent Unravell  Hex/Tmut       1%           98%         5


Dungeon Overview and Level Annotations

Branches:
Dungeon (4/15)            Ossuary (1/1)
 Temple: D:4-7

Altars:
Fedhas
Ru


Innate Abilities, Weirdness & Mutations

You cannot wear most types of armour.
You are very stealthy in the water. (Stealth+)
You are amphibious.
You can wear up to eight rings at the same time.
You can use your tentacles to constrict eight enemies at once.
Your skin changes colour to match your surroundings (Stealth+).
Your rubbery body absorbs attacks. (AC +1, EV +1)


Message History

You don't know that spell.
Casting: Foxfire (safe; 3% risk of failure)
Confirm with . or Enter, or press ? or * to list all spells.
You don't know that spell.
Unknown command.
Casting: Foxfire (safe; 3% risk of failure)
Confirm with . or Enter, or press ? or * to list all spells.
You conjure some foxfire!
The water moccasin zombie bites you!
* * * LOW HITPOINT WARNING * * *
You hit the water moccasin zombie. You grab the water moccasin zombie.
The water moccasin zombie is heavily damaged.
You constrict the water moccasin zombie.
A poisoned dart hits your foxfire, but does no damage!
The foxfire hits the water moccasin zombie.
The water moccasin zombie is heavily damaged.
You hear a soft click.
The foxfire hits the water moccasin zombie.
The water moccasin zombie is severely damaged.
The water moccasin zombie bites you!
You die...

####### ####
###
..#...#?!?!#
..#
^.'.∩.#!$:?+
..#
..#...#!?!!#
..# .^#####
#### ..# ^.#
..# '##
##Z## ..#
#@.^# ^^#
#§§^# .^#
#^^^# ^.#
#^.^# ###
#'### ..#
#...# ..#
#...# ..#
#...# ..#
#...#


You could see a water moccasin zombie.

Vanquished Creatures
  2 water moccasin zombies (Ossuary)
  4 big kobold zombies (Ossuary)
  2 adders (D:3)
  An ooze (D:3)
  9 adder zombies (Ossuary)
  A worm (D:3)
  2 dart slugs (D:1)
  2 orcs (D:3)
  8 bats
  A giant cockroach (D:3)
  A gnoll zombie (Ossuary)
  5 goblins
  12 hobgoblins
  4 jackals (D:3)
  4 frilled lizards
  5 hobgoblin zombies (Ossuary)
  6 kobolds
  7 kobold zombies (Ossuary)
  2 orc zombies (Ossuary)
  7 rats
85 creatures vanquished.

Vanquished Creatures (others)
  A hobgoblin zombie (Ossuary)
  240 foxfires
241 creatures vanquished.

Grand Total: 326 creatures vanquished

Notes
Turn   | Place    | Note
-------+----------+-------------------------------------------
     0 | D:1      | Gauvater the Octopode Fire Elementalist began the quest for
                  | the Orb.
     0 | D:1      | Reached XP level 1. HP: 11/11 MP: 3/3
   251 | D:1      | Reached XP level 2. HP: 16/17 MP: 0/5
  1149 | D:2      | Reached XP level 3. HP: 21/21 MP: 1/6
  1247 | D:2      | Found a sacrificial altar of Ru.
  1930 | D:3      | Found a blossoming altar of Fedhas.
  2074 | D:3      | Reached skill level 1 in Shields
  2074 | D:3      | Reached XP level 4. HP: 22/27 MP: 4/7
  2918 | D:4      | Found a sand-covered staircase.
  2924 | Ossuary  | Entered an ossuary
  3094 | Ossuary  | Reached skill level 4 in Fire Magic
  3094 | Ossuary  | Reached XP level 5. HP: 28/31 MP: 3/9
  3238 | Ossuary  | Learned a level 3 spell: Conjure Flame
  3722 | Ossuary  | Reached XP level 6. HP: 33/36 MP: 5/11
  4288 | Ossuary  | HP: 1/36 [water moccasin zombie (7)]
  4289 | Ossuary  | Slain by a water moccasin zombie

Illustrated notes

Levels and vault maps discovered:
D:1:      erik_arrival_blinker_ship, layout_basic, bh_walls_and_bars
D:2:      layout_loops_ring, lemuel_coloured_pillars_altar,
          corexii_leaking_fountain
D:3:      layout_basic, wad_floor_pattern_untrapped, fedhas_altar_2
D:4:      layout_basic, riverfiend_overflow_shadow_ancestor, enter_ossuary_2
Ossuary:  ossuary_tomb_2

Skill      XL: |  1  2  3  4  5  6 |
---------------+-------------------+-----
Shields        | 1 2 |  2.3
Stealth        | 3 |  3.2
Spellcasting   | 3 |  3.6
Conjurations   | 2 |  2.5
Fire Magic     | 4 |  4.2
Fighting       | |  0.3
Dodging        | |  2.5

Action                   |  1- 3 |  4- 6 || total
-------------------------+-------+-------++-------
Melee: Hand axe          |    10 |       ||    10
       Constrict         |     4 |    20 ||    24
       Tentacles         |     3 |    10 ||    13
       Dagger            |       |    57 ||    57
Throw: Stone             |       |     3 ||     3
 Cast: Foxfire           |    54 |    79 ||   133
       Conjure Flame     |       |     2 ||     2
  Use: Potion            |     2 |     1 ||     3
 Stab: Sleeping          |       |     1 ||     1
Armor: Skin              |     1 |     8 ||     9
Dodge: Dodged            |    14 |    52 ||    66
